 Dungeon Crawl Stone Soup version 0.16-a0-3889-g45dc0c2 (webtiles) character file.

1355 timbw the Grappler (level 8, -12/63 HPs)
             Began as a Ghoul Fighter on Feb 2, 2015.
             Was a Follower of Okawaru.
             Killed from afar by Ijyb (15 damage)
             ... with a wand of lightning
             ... on level 7 of the Dungeon.
             The game lasted 00:11:02 (1995 turns).

timbw the Grappler (Ghoul Fighter)                  Turns: 1995, Time: 00:11:02

Health: -12/63     AC:  9    Str: 21    XL:     8   Next: 63%
Magic:  6/6        EV:  9    Int:  4    God:    Okawaru [*.....]
Gold:   176        SH:  0    Dex:  8    Spells: 0 memorised, 7 levels left

rFire  . . .     SeeInvis .       - Unarmed
rCold  + . .     Clarity  .     b - +0 scale mail
rNeg   + + +     SustAb   .     (no shield)
rPois  ∞         Gourm    .     o - +0 helmet
rElec  .         Spirit   .     t - +1 cloak
rCorr  .         Warding  .     (no gloves)
rMut   .         Stasis   .     (no boots)
MR     .....                    (no amulet)
Stlth  ..........               (no ring)
                                d - ring of loudness

@: rotting, not resistant to hostile enchantments, extremely unstealthy
A: rotting body, claws 1, carnivore 3, cold resistance 1, negative energy
resistance 3, poison resistance, slow healing 1, torment resistance, unbreathing
a: Heroism, Renounce Religion


You were on level 7 of the Dungeon.
You worshipped Okawaru.
Okawaru was aware of your devotion.
You were not hungry.

You visited 2 branches of the dungeon, and saw 8 of its levels.
You also visited: Ossuary.

You collected 176 gold pieces.

Inventory:

Armour
 b - a +0 scale mail (worn)
 g - a +0 cloak
 o - a +0 helmet (worn)
 q - a +0 shield
 t - a +1 cloak (worn)
Jewellery
 d - a ring of loudness (left claw)
Magical devices
 e - a wand of slowing (18)
 n - a wand of flame (36)
Scrolls
 f - 2 scrolls of magic mapping {unknown}
 l - a scroll of fog {unknown}
 m - a scroll of random uselessness {unknown}
 p - a scroll of fear {unknown}
 r - 2 scrolls of enchant armour {unknown}
 s - 2 scrolls of teleportation {unknown}
 u - a scroll of immolation {unknown}
 v - a scroll of brand weapon {unknown}
 w - 3 scrolls of identify
Potions
 c - 3 potions of haste
 h - 2 potions of cure mutation {unknown}
 k - 2 potions of curing {unknown}
 x - a potion of poison {unknown}
Comestibles
 a - a royal jelly
 i - a slice of pizza
 j - 3 chunks of flesh


   Skills:
 - Level 3.2 Fighting
 - Level 2.6 Armour
 - Level 2.6 Shields
 + Level 11.3 Unarmed Combat


You had 7 spell levels left.
You didn't know any spells.

Dungeon Overview and Level Annotations

Branches:
Dungeon (7/15)             Temple (1/1) D:6

Altars:
Cheibriados
Elyvilon
Gozag
Kikubaaqudgha
Makhleb
Nemelex Xobeh
Okawaru
Qazlal
Trog
Xom
Zin
The Shining One

Shops:
D:4 [   D:6 }

Annotations:
D:5 BLOAX's ghost, average DEFi
D:7 Ijyb


Innate Abilities, Weirdness & Mutations

Your body is rotting away.
You thrive on raw meat.
You have sharp fingernails.
You are carnivorous and can eat meat at any time.
Your flesh is cold resistant.
You are immune to negative energy.
Your system is resistant to poisons.
You heal slowly when monsters are visible.
You are immune to unholy pain and torment.
You can survive without breathing.


Message History

You claw the giant frog skeleton! The giant frog skeleton hits you.
You claw the giant frog skeleton!
The giant frog skeleton hits you but does no damage.
You claw the giant frog skeleton!
You destroy the giant frog skeleton!
Okawaru accepts your kill.
No target in view!
Eat one of 4 chunks of flesh? (ye/n/q/i?) This raw flesh tastes great!
You continue eating. x2
Ijyb the Twisted Goblin comes into view.
He is wielding a club.
Ijyb shouts!
Ijyb zaps a wand.
The bolt of lightning hits you! The bolt of lightning hits you!
It is a wand of lightning.
Ijyb zaps a wand.
The bolt of lightning misses you. The bolt of lightning hits you!
* * * LOW HITPOINT WARNING * * *
Ijyb zaps a wand.
The bolt of lightning misses you. The bolt of lightning hits you!
You die...

#.#
#######.#####.#
#.#
#.....)........
#.#
#.#...........#
#.#
#.#.###.#######
####g# #.#.#
#.# ....# #.#.#
#.# #..# #.#.#
#.#
#..###.#.###.#
#..@.........#
#.##.###.#####
#. #.# #.# ..
..# #.# #......
... #..#### .##
#.. #. ... #. .


You could see Ijyb.

Vanquished Creatures
  2 ice beasts
  A necrophage (D:6)
  2 ogres
  3 giant frogs
  4 wights
  A giant frog zombie (D:6)
  3 orc priests
  A hound (D:6)
  A jelly (D:5)
  A giant frog skeleton (D:7)
  4 orc wizards
  3 worker ants
  Jessica (D:4)
  A mummy (D:5)
  A worker ant zombie (D:7)
  2 adders
  4 gnolls (D:6)
  A giant mite (D:6)
  A shadow imp (D:7)
  A worm (D:4)
  An adder skeleton (D:4)
  2 giant geckos
  An ooze (D:4)
  12 orcs
  5 bats
  A bat skeleton (D:5)
  A bat zombie (D:6)
  2 giant cockroaches
  2 goblins
  10 hobgoblins
  11 jackals
  A quokka (D:6)
  A ball python (D:6)
  A giant gecko skeleton (D:5)
  2 giant newts
  5 kobolds
  A kobold zombie (Ossuary)
  2 orc zombies (Ossuary)
99 creatures vanquished.

Notes
Turn   | Place    | Note
--------------------------------------------------------------
     0 | D:1      | timbw, the Ghoul Fighter, began the quest for the Orb.
     0 | D:1      | Reached XP level 1. HP: 19/19 MP: 1/1
   186 | D:3      | Reached XP level 2. HP: 17/26 MP: 2/2
   290 | D:3      | Noticed an orc priest
   317 | D:3      | Noticed Jessica
   338 | D:4      | Killed Jessica
   338 | D:4      | Reached skill level 4 in Unarmed Combat
   338 | D:4      | Reached XP level 3. HP: 7/31 MP: 3/3
   375 | D:4      | Found Skauhe Seigh's Antique Armour Boutique.
   486 | D:4      | Reached XP level 4. HP: 30/38 MP: 3/3
   581 | D:4      | Reached skill level 5 in Unarmed Combat
   658 | D:4      | Reached XP level 5. HP: 29/44 MP: 4/4
   710 | D:4      | Noticed a hippogriff
   733 | D:5      | Entered Level 5 of the Dungeon
   751 | D:5      | Reached skill level 6 in Unarmed Combat
   785 | D:5      | Found a sand-covered staircase.
   790 | Ossuary  | Entered an ossuary
   960 | D:5      | Reached XP level 6. HP: 44/51 MP: 5/5
   983 | D:5      | Noticed an ice beast
   995 | D:5      | Killed an ice beast
   995 | D:5      | Reached skill level 7 in Unarmed Combat
  1072 | D:5      | Noticed BLOAX's ghost (average DEFi)
  1163 | D:6      | Reached skill level 8 in Unarmed Combat
  1163 | D:6      | Reached XP level 7. HP: 34/57 MP: 5/5
  1239 | D:6      | Found a staircase to the Ecumenical Temple.
  1260 | Temple   | Entered the Ecumenical Temple
  1274 | Temple   | Became a worshipper of Warmaster Okawaru
  1356 | D:6      | Reached skill level 9 in Unarmed Combat
  1384 | D:6      | Found a shimmering altar of Xom.
  1419 | D:6      | Found Otiugiel's Gadget Emporium.
  1612 | D:6      | Reached XP level 8. HP: 8/63 MP: 6/6
  1663 | D:6      | Reached skill level 10 in Unarmed Combat
  1669 | D:6      | Acquired Okawaru's first power
  1970 | D:7      | Reached skill level 11 in Unarmed Combat
  1993 | D:7      | Noticed Ijyb
  1994 | D:7      | HP: 3/63 [Ijyb/wand of lightning (16)]
  1995 | D:7      | Killed from afar by Ijyb

Action                   |  1- 3 |  4- 6 |  7- 9 || total
-------------------------+-------+-------+-------++-------
Melee: Unarmed           |    90 |   131 |   174 ||   395
Invok: Heroism           |       |       |     1 ||     1
Evoke: Wand              |       |       |     3 ||     3
  Use: Scroll            |     3 |     1 |     1 ||     5
       Potion            |     3 |       |       ||     3
  Eat: Chunk             |    11 |    11 |    21 ||    43
